 Dungeon Crawl Stone Soup version 0.31-a0-853-gc9b61b78f7 (webtiles) character file.

Game seed: 11540667551707594902

1765 Gladio the Cleaver (level 9, -1/81 HPs)
             Began as a Hill Orc Fighter on Oct 8, 2023.
             Was a Priest of Makhleb.
             Slain by a gnoll
             ... wielding a +0 spear
             ... led by a gnoll bouda
              (7 damage)
             ... on level 7 of the Dungeon.
             The game lasted 00:12:21 (5467 turns).

Gladio the Cleaver (Hill Orc Fighter)               Turns: 5467, Time: 00:12:22

Health: -1/81      AC: 12    Str: 23    XL:     9   Next: 7%
Magic:  0/12       EV:  8    Int:  8    God:    Makhleb [***...]
Gold:   120        SH:  5    Dex: 10    Spells: 8/8 levels left

rFire   . . .        y - +2 hand axe (venom)
rCold   . . .        c - +0 buckler
rNeg    . . .        F - +0 chain mail
rPois   +            (no helmet)
rElec   .            (no cloak)
rCorr   .            A - +0 pair of gloves
SInv    .            t - +0 pair of boots
Will    .....        x - amulet of guardian spirit Stlth
                     w - ring of poison resistance
HPRegen 0.33/turn    (no ring)
MPRegen 0.13/turn

%: guardian spirit
@: weakened
A: no striking features
a: Renounce Religion, Minor Destruction, Lesser Servant of Makhleb


You were on level 7 of the Dungeon.
You worshipped Makhleb.
Makhleb was most pleased with you.
You visited 2 branches of the dungeon, and saw 8 of its levels.
You also visited: Ossuary.

You collected 208 gold pieces.
You spent 88 gold pieces at shops.

Inventory:

Hand Weapons
 a - a +0 war axe
 y - a +2 hand axe of venom (weapon)
Armour
 b - a +0 scale mail
 c - a +0 buckler (worn)
 t - a +0 pair of boots (worn)
 A - a +0 pair of gloves (worn)
 F - a +0 chain mail (worn)
Jewellery
 j - a ring of fire
 p - a ring of ice
 w - a ring of poison resistance (left hand)
 x - an amulet of guardian spirit (around neck)
 J - a +6 ring of intelligence
 K - a +4 ring of protection
Wands
 I - a wand of flame (20)
Scrolls
 e - 3 scrolls of vulnerability
 k - a scroll of torment {unknown}
 l - a scroll of teleportation {unknown}
 m - 2 scrolls of amnesia
 o - a scroll of brand weapon
 u - a scroll of revelation {unknown}
 v - a scroll of blinking {unknown}
 z - 2 scrolls of immolation {unknown}
 B - a scroll of fog
 C - a scroll of enchant armour {unknown}
 H - a scroll of noise {unknown}
 L - a scroll of identify
Potions
 d - 2 potions of might
 f - a potion of heal wounds {unknown}
 g - 4 potions of curing
 h - a potion of degeneration {unknown}
 i - 2 potions of mutation
 n - 2 potions of enlightenment
 q - a potion of invisibility {unknown}
 r - a potion of berserk rage {unknown}
 s - 2 potions of attraction
 D - a potion of cancellation {unknown}
 E - a potion of brilliance {unknown}
 G - a potion of ambrosia {unknown}


   Skills:
 * Level 8.1 Fighting
 * Level 8.5 Axes
 + Level 5.8 Armour
 + Level 5.8 Shields
 + Level 4.7 Invocations


You had 8 spell levels left.
You didn't know any spells.
Your spell library contained the following spells:

 Spells                   Type           Power      Damage    Failure   Level
 Lesser Beckoning         Tloc           0%         N/A       99%         2
 Gell's Gravitas          Tloc           0%         N/A       100%        3
 Inner Flame              Hex/Fire       0%         N/A       100%        3
 Ozocubu's Armour         Ice            0%         N/A       100%        3
 Teleport Other           Tloc           0%         N/A       100%        3
 Flame Wave               Conj/Fire      0%         2d4       100%        4
 Sticky Flame             Conj/Fire      0%         2d3       100%        4
 Metabolic Englaciation   Hex/Ice        0%         N/A       100%        5
 Simulacrum               Ice/Necr       0%         N/A       100%        6


Dungeon Overview and Level Annotations

Branches:
Dungeon (7/15)             Temple (1/1) D:5         Ossuary (visited)

Altars:
Ashenzari
Cheibriados
Dithmenos
Fedhas
Gozag
Kikubaaqudgha
Makhleb
Nemelex Xobeh
Okawaru
Qazlal
Sif Muna
Trog
Uskayaw
Vehumet
Wu Jian
Xom
Zin

Shops:
D:5 *   D:6 **

Annotations:
D:7 Joseph


Message History

You hit the +2 spectral quarterstaff.
Joseph shares his spectral weapon's damage!
Joseph barely misses you. The +2 spectral quarterstaff hits you!
A gnoll comes into view. It is wielding a +0 halberd.
The gnoll hits you but does no damage.
You barely miss Joseph.
Joseph is heavily wounded.
The gnoll shouts!
You hit the +2 spectral quarterstaff but do no damage.
Something shouts, "Quit, thou impertinent fen-sucked Cock-Lorel!"
The +2 spectral quarterstaff hits you!
Joseph hits you with a +2 spectral quarterstaff!
The +2 spectral quarterstaff hits you!
* * * LOW HITPOINT WARNING * * *
The +2 spectral quarterstaff hits you!
* * * LOW HITPOINT WARNING * * *
The gnoll barely misses you.
You completely miss Joseph.
Joseph is heavily wounded.
You completely miss the +2 spectral quarterstaff.
You block Joseph's attack. The +2 spectral quarterstaff hits you!
* * * LOW HITPOINT WARNING * * *
The gnoll barely misses you. x2
You feel better.
Joseph hits you with a +2 spectral quarterstaff.
* * * LOW HITPOINT WARNING * * *
The +2 spectral quarterstaff hits you but does no damage.
You block the gnoll's attack. The gnoll hits you but does no damage.
A shadow imp comes into view.
A gnoll comes into view. It is wielding a +0 whip.
The gnoll shouts!
Joseph unwields a +2 spectral quarterstaff.
The +2 spectral quarterstaff disappears.
Joseph wields a +0 sling.
Joseph shoots a sling bullet.
The sling bullet hits you!
* * * LOW HITPOINT WARNING * * *
You block the gnoll's attack. The gnoll hits you with a +0 spear.
* * * LOW HITPOINT WARNING * * *
The gnoll hits you but does no damage. The gnoll hits you with a +0 spear!
You die...

...........##
............#
........g...#
............##########
.@..........)........#
...........)###.######
####.......##)@.#
......5..gg.###
#.........g@#
.........#<#
...........###
.............##
#...[......#..#
##.....###....####
###### #.#.....#
.####.###...# ♣ ..
...........# )♣♣


You could see Joseph (very poisoned), 3 gnolls and a shadow imp.

Vanquished Creatures
  Grinder (D:5)
  3 water moccasins (D:6)
  An orc warrior (D:6)
  An ice beast (D:7)
  A black bear (D:5)
  A centaur (D:5)
  Blork the orc (D:6)
  3 bullfrogs
  4 orc priests
  2 hounds
  A gnoll bouda (D:7)
  2 jellies
  A sleepcap (D:6)
  An iguana (D:4)
  2 mummies
  15 adders
  2 gnolls (D:7)
  A shadow imp (D:5)
  An ufetubus (D:5)
  A worm (D:2)
  2 dart slugs
  12 orcs
  4 spectral bats (Ossuary)
  12 ball pythons
  6 endoplasms
  2 giant cockroaches
  4 goblins
  3 hobgoblins
  2 jackals (D:1)
  8 quokkas
  8 bats
  2 bat simulacra (Ossuary)
  2 frilled lizards (D:1)
  12 gnoll zombies (Ossuary)
  6 goblin simulacra (Ossuary)
  8 goblin zombies
  4 hobgoblin zombies (Ossuary)
  7 kobolds
  3 kobold simulacra (Ossuary)
  3 kobold zombies (Ossuary)
  5 orc zombies (Ossuary)
  5 rats
  2 rat simulacra (Ossuary)
  2 spectral goblins (Ossuary)
  2 spectral kobolds (Ossuary)
  2 spectral rats (Ossuary)
173 creatures vanquished.

Notes
Turn   | Place    | Note
-------+----------+-------------------------------------------
     0 | D:1      | Gladio the Hill Orc Fighter began the quest for the Orb.
     0 | D:1      | Reached XP level 1. HP: 19/19 MP: 1/1
    53 | D:1      | Reached XP level 2. HP: 22/27 MP: 2/2
   243 | D:1      | Reached XP level 3. HP: 30/33 MP: 3/3
   867 | D:2      | Reached XP level 4. HP: 41/41 MP: 4/4
  1594 | D:3      | Reached XP level 5. HP: 47/47 MP: 5/5
  1619 | D:3      | Found a burning altar of Makhleb.
  1627 | D:3      | Became a worshipper of Makhleb the Destroyer
  2008 | D:4      | Reached skill level 5 in Fighting
  2008 | D:4      | Reached skill level 5 in Axes
  2008 | D:4      | Reached skill level 1 in Invocations
  2240 | D:4      | Reached XP level 6. HP: 56/56 MP: 6/6
  2715 | D:4      | Found a sparkling altar of Nemelex Xobeh.
  2777 | D:5      | Entered Level 5 of the Dungeon
  2777 | D:5      | Found Macod's General Store.
  2797 | D:5      | Bought 2 scrolls of identify for 44 gold pieces
  2797 | D:5      | Bought 2 scrolls of identify for 44 gold pieces
  2909 | D:5      | Found a hide-covered altar of Uskayaw.
  2909 | D:5      | Found a staircase to the Ecumenical Temple.
  2937 | Temple   | Entered the Ecumenical Temple
  2977 | D:5      | Noticed a black bear
  2986 | D:5      | Killed a black bear
  2987 | D:5      | Reached XP level 7. HP: 41/63 MP: 8/8
  3108 | D:5      | Reached * piety under Makhleb
  3221 | D:5      | Found a sand-covered staircase.
  3228 | Ossuary  | Entered an ossuary
  3501 | Ossuary  | Reached ** piety under Makhleb
  4144 | D:5      | Noticed Grinder
  4157 | D:5      | Paralysed by Grinder for 5 turns
  4165 | D:5      | Killed Grinder
  4166 | D:5      | Reached skill level 5 in Armour
  4166 | D:5      | Reached XP level 8. HP: 47/71 MP: 6/10
  4342 | D:5      | Reached skill level 5 in Shields
  4477 | D:6      | Found Jastiuq's Fire Supplies.
  4491 | D:6      | Noticed Blork the orc
  4499 | D:6      | Killed Blork the orc
  4643 | D:6      | Found Guazxivu's Serpentskin Sales.
  5023 | D:6      | Found a radiant altar of Vehumet.
  5029 | D:6      | Reached *** piety under Makhleb
  5277 | D:7      | Found a broken altar of Ashenzari.
  5365 | D:7      | Reached XP level 9. HP: 63/81 MP: 9/12
  5435 | D:7      | Noticed Joseph
  5467 | D:7      | Slain by a gnoll

Illustrated notes

Levels and vault maps discovered:
D:1:      roderic_chinese_lattice_arrival, layout_rooms, minmay_cut_off
D:2:      layout_loops_ring, nrook_mini_vaults, chequers_serial_rivers_micro_d,
          minmay_snake_closets
D:3:      layout_rooms, nicolae_overflow_crystal_walls
D:4:      layout_cave_pools, nemelex_dance_club_becter
D:5:      layout_cave_pods, lemuel_doored_altar,
          minmay_temple_entry_proselytizer, nicolae_ossuary_entry_giza,
          grunt_ministairs_4, nrook_pool_corridor, minmay_shop_grid_forest,
          uniq_grinder
D:6:      layout_loops_ring, vehumet_altar_wand_db, serial_rivers,
          chequers_serial_rivers_large_b, chequers_serial_rivers_micro_e,
          chequers_serial_rivers_small_a, chequers_serial_rivers_micro_b,
          kennysheep_decorative_pillar, nicolae_shop_fire_sale
          [nicolae_sub_dead_trees], guppyfry_shop_venom, uniq_blork_the_orc
D:7:      layout_rooms, mainiacjoe_overflow_tiny_flanked, lemuel_tele_altar,
          uniq_crazy_yiuf_cottage, uniq_joseph, uniq_duvessa
Temple:   hellmonk_temple_two_chambers

Skill      XL: |  1  2  3  4  5  6  7  8 |
---------------+-------------------------+-----
Axes           | 3 4 5 6 7 8 |  8.5
Fighting       | 4 5 6 8 |  8.1
Armour         | 4 5 |  5.8
Shields        | 4 5 |  5.8
Invocations    | 1 2 3 4 |  4.7

Action                     |  1- 3 |  4- 6 |  7- 9 || total
---------------------------+-------+-------+-------++-------
  Melee: War axe           |    90 |   126 |       ||   216
         Hand axe          |       |    33 |   281 ||   314
 Invoke: Minor Destruction |       |       |    38 ||    38
    Use: Scroll            |       |     5 |     3 ||     8
         Potion            |       |       |     1 ||     1
 Armour: Scale mail        |    85 |   102 |    88 ||   275
         Chain mail        |       |       |    87 ||    87
  Dodge: Dodged            |    47 |    64 |   104 ||   215
  Block: Buckler           |    23 |    32 |    49 ||   104

Table legend: (Time is in decaauts)
 A = Elapsed time spent in this place.
 B = Non-inter-level travel time spent in this place.
 C = Inter-level travel time spent in this place.
 D = Time resting spent in this place.
 E = Time spent auto-exploring this place.
 F = Levels seen in this place.
 G = Mean time per level.
                   A        B        C        D        E       F      G
               +--------+--------+--------+--------+--------+-----+--------+
         Total |   5563 |   5377 |    186 |      3 |   4223 |   9 |  618.1 |
       Dungeon |   5073 |   4887 |    186 |      3 |   3984 |   7 |  724.7 |
        Temple |      1 |      1 |      0 |      0 |      0 |   1 |    1.0 |
       Ossuary |    488 |    488 |      0 |      0 |    239 |   1 |  488.0 |
               +--------+--------+--------+--------+--------+-----+--------+

Top non-repeatable levels by time:
     D:5: 1144 daAuts
     D:2: 994 daAuts
     D:6: 893 daAuts
     D:4: 839 daAuts
     D:1: 577 daAuts
 Ossuary: 488 daAuts
     D:3: 435 daAuts
     D:7: 189 daAuts
  Temple: 1 daAuts
